 Dungeon Crawl Stone Soup version 0.26.1-11-gd32895ea62 (webtiles) character file.

Game seed: 16774188946720790277

29456 Descartes the Grappler (level 13, -8/118 (124) HPs)
             Began as a Troll Chaos Knight on June 12, 2021.
             Was a Plaything of Xom.
             Mangled by an orc warrior
             ... wielding a +0 scimitar
              (13 damage)
             ... while paralysed by an orc sorcerer
             ... on level 2 of the Orcish Mines.
             The game lasted 00:40:09 (12665 turns).

Descartes the Grappler (Troll Chaos Knight)        Turns: 12665, Time: 00:40:10

HP:   -8/118 (124)  AC: 18    Str: 23    XL:     13   Next: 15%
MP:   15/15         EV:  1    Int: 10    God:    Xom [....*.]
Gold: 1317          SH:  0    Dex: 15    Spells: 14/17 levels left

rFire    . . .     SeeInvis .     - Unarmed
rCold    . . .     Faith    .   a - +0 tower shield
rNeg     . . .     Spirit   .   P - +1 steam dragon scales
rPois    +         Reflect  +   (helmet restricted)
rElec    .         Harm     .   G - +2 cloak
rCorr    .         Rampage  .   (gloves unavailable)
Will     .....                  (boots unavailable)
Stlth    +.........             k - amulet of reflection
HPRegen  0.69/turn              X - +4 ring of protection
MPRegen  0.14/turn              W - +4 ring of evasion

@: paralysed, lethally poisoned (-8 -> -17), lightly drained
A: large, unfitting armour, claws 3, horns 1, agile 2, poison resistance,
regeneration 1, screaming 1, shaggy fur 1, tough skin 3, evolution 1, MP-powered
wands, sturdy frame 1
a: Renounce Religion


You were on level 2 of the Orcish Mines.
You worshipped Xom.
You were a beloved toy of Xom.
You visited 3 branches of the dungeon, and saw 15 of its levels.
You also visited: Bailey.

You collected 1317 gold pieces.

Inventory:

Hand Weapons
 e - the +7 flail "Ciqu" {vamp, Dex+8, unknown}
   (You found it in a bailey)

   It inflicts no extra harm, but heals its wielder when it wounds a living foe.
   It affects your dexterity (+8).
 n - a +0 hunting sling
 F - a +5 quarterstaff of chaos
 O - a +2 long sword of holy wrath
Missiles
 r - 56 stones
 u - 2 throwing nets (quivered)
 D - 57 boomerangs
 L - 16 poisoned darts
 S - 9 large rocks
 U - 4 silver boomerangs
Armour
 a - a +0 tower shield (worn)
 d - a +2 robe of willpower
 G - a +2 cloak (worn)
 P - +1 steam dragon scales (worn)
Jewellery
 k - an amulet of reflection (around neck)
 W - a +4 ring of evasion (right claw)
 X - a +4 ring of protection (left claw)
Wands
 s - a wand of digging (4)
 t - a wand of polymorph (19)
 I - a wand of enslavement (9)
 M - a wand of iceblast (23)
 N - a wand of random effects (16)
 V - a wand of flame (35)
 Z - a wand of acid (14)
Scrolls
 b - 2 scrolls of fear
 f - 6 scrolls of enchant weapon
 h - 7 scrolls of teleportation
 i - a scroll of blinking
 m - a scroll of fog
 p - 3 scrolls of enchant armour
 q - 2 scrolls of remove curse
 w - a scroll of magic mapping
 y - a scroll of amnesia
 z - a scroll of torment {unknown}
 Y - 2 scrolls of acquirement {unknown}
Potions
 c - a potion of experience {unknown}
 g - 5 potions of brilliance
 j - 2 potions of resistance
 l - 2 potions of magic
 o - 9 potions of curing
 v - 3 potions of attraction
 x - 4 potions of mutation
 A - 5 potions of degeneration {unknown}
 B - 3 potions of berserk rage
 J - 3 potions of haste
 K - 2 potions of lignification
 Q - a potion of cancellation
 R - a potion of might


   Skills:
 + Level 7.1 Fighting
 + Level 5.1 Throwing
 - Level 5.0 Armour
 + Level 8.4 Dodging
 + Level 6.0 Shields
 + Level 10.2 Unarmed Combat
 + Level 2.5 Spellcasting
 - Level 5.0 Hexes
 + Level 6.4 Evocations


You had 14 spell levels left.
You knew the following spells:

 Your Spells              Type           Power        Failure   Level
a - Confusing Touch       Hex            11%          63%         3

Your spell library contained the following spells:

 Spells                   Type           Power        Failure   Level
 Beastly Appendage        Tmut           2%           91%         1
 Shock                    Conj/Air       4%           91%         1
 Sting                    Tmut/Pois      4%           91%         1
 Swiftness                Air            1%           97%         2
 Wereblood                Tmut           1%           97%         2
 Gell's Gravitas          Tloc           0%           99%         3
 Spider Form              Tmut/Pois      0%           99%         3
 Static Discharge         Conj/Air       1%           99%         3
 Stone Arrow              Conj/Erth      2%           99%         3
 Airstrike                Air            0%           100%        4
 Ice Form                 Ice/Tmut       1%           100%        4
 Leda's Liquefaction      Hex/Erth       3%           100%        4
 Petrify                  Tmut/Erth      1%           100%        4
 Blade Hands              Tmut           0%           100%        5
 Lightning Bolt           Conj/Air       0%           100%        5
 Metabolic Englaciation   Hex/Ice        3%           100%        5
 Yara's Violent Unravell  Hex/Tmut       3%           100%        5
 Eringya's Noxious Bog    Tmut/Pois      0%           100%        6
 Iron Shot                Conj/Erth      0%           100%        6


Dungeon Overview and Level Annotations

Branches:
Dungeon (12/15)            Temple (1/1) D:5            Lair (0/6) D:10
    Orc (2/2) D:11            Elf (0/3) Orc:2        Bailey (visited)

Altars:
Ashenzari
Cheibriados
Dithmenos
Elyvilon
Fedhas
Gozag
Hepliaklqana
Kikubaaqudgha
Makhleb
Nemelex Xobeh
Okawaru
Qazlal
Ru
Sif Muna
Trog
Uskayaw
Vehumet
Wu Jian
Xom
Yredelemnul
Zin
The Shining One

Shops:
D:9 }   Orc:1 [   Orc:2 =


Innate Abilities, Weirdness & Mutations

You are too large for most types of armour.
You have claws for hands.
Your natural rate of healing is unusually fast.
You are covered in fur. (AC +1)
You have extremely tough skin. (AC +3)
You have a pair of small horns on your head.
You are very agile. (Dex +4)
Your system is resistant to poisons. (rPois)
You occasionally shout uncontrollably at your foes.
You evolve.
You expend magic power (3 MP) to strengthen your wands.
Your movements are slightly less encumbered by armour. (ER -2)


Message History

The orc hits you with a +0 hand axe. The orc hits you with a +0 war axe.
The orc hits you but does no damage. The warg bites you.
The orc priest mumbles some strange prayers to Beogh against you.
Beogh smites you!
* * * LOW HITPOINT WARNING * * *
The orange demon stings you from afar.
* * * LOW HITPOINT WARNING * * *
You are poisoned.
The orange demon poisons you!
You feel sick. The warg bites you!
* * * LOW HITPOINT WARNING * * *
The orc hits you but does no damage.
The orc wizard hits you but does no damage.
The orc hits you with a +0 war axe.
* * * LOW HITPOINT WARNING * * *
The orc hits you but does no damage. The orange demon stings you from afar!
* * * LOW HITPOINT WARNING * * *
The orc warrior hits you with a +0 scimitar!
You die...
Xom howls with laughter!

###..........#....####...o.
####......##.#.......# .....
#.##......#....o.....# .....
#.........#..........#
#.....#.........###..#
#..#####......### ....
##...###....ooo..#.......
#...†..#..oooooo.........
##..#......h@o4.......##.
##.#......o#§##....## #....
####.....#####....#####....
##........# .#......#......
###..........................
#.....##.....................
##......#........##.........#
#................## #......###
##...###+#........###.......#.


You could see an orange demon (summoned), a warg, an orc sorcerer, 2 orc
warriors, an orc priest, an orc wizard and 7 orcs.

Vanquished Creatures
  2 orc warlords
  The ghost of boben the Fighter, a journeyman OgFi of Makhleb (Orc:1)
  A boulder beetle (D:8)
  5 two-headed ogres
  3 orc knights
  2 ugly things (D:11)
  5 orc sorcerers
  A deep elf mage (D:12)
  2 cyclopes
  A guardian serpent (shapeshifter) (D:11)
  Joseph (D:8)
  Psyche (D:8)
  A gargoyle (D:11)
  Maggie (D:6)
  3 kobold demonologists (D:8)
  A komodo dragon (D:12)
  Prince Ribbit (D:6)
  2 hornets
  A raiju (shapeshifter) (D:11)
  7 trolls
  Grinder (D:5)
  Sigmund (D:4)
  14 yaks
  A hog (Orc:1)
  Eustachio (D:5)
  4 wargs
  Menkaure (D:5)
  A water moccasin (D:6)
  Duvessa (D:5)
  2 hornet zombies (D:10)
  2 black bears (D:6)
  3 ice beasts
  A sky beast (D:12)
  A phantom (D:6)
  2 eyes of draining
  22 orc warriors
  2 necrophages
  12 ogres
  3 centaurs
  A big kobold (D:9)
  Blork the orc (D:6)
  4 bullfrogs
  Dowan (D:5)
  A gnoll sergeant (D:8)
  5 scorpions
  5 killer bees (D:8)
  11 wights
  8 howler monkeys
  4 jellies
  A bullfrog zombie (D:10)
  2 centaur zombies
  7 hounds
  19 orc wizards
  Crazy Yiuf (D:5)
  7 orc priests
  2 bullfrog skeletons
  Ijyb (D:5)
  Jessica (D:3)
  4 centaur skeletons
  An iguana (D:6)
  Natasha (thrice) (D:4)
  7 worker ants
  A killer bee zombie (D:10)
  A hound zombie (D:10)
  2 hound skeletons (D:5)
  A worker ant zombie (D:10)
  17 gnolls
  A howler monkey skeleton (D:11)
  9 adders
  4 shadow imps
  3 white imps
  An ufetubus (D:7)
  3 oozes
  2 adder skeletons
  3 adder zombies
  4 worms
  2 dart slugs
  6 leopard geckos
  76 orcs
  7 giant cockroaches
  16 goblins
  13 hobgoblins
  4 jackals
  29 kobolds
  5 quokkas
  9 bats
  7 frilled lizards
  A giant cockroach zombie (D:5)
  2 goblin skeletons (D:8)
  A goblin zombie (D:8)
  A hobgoblin zombie (D:8)
  A kobold skeleton (D:8)
  12 rats
458 creatures vanquished.

Vanquished Creatures (collateral kills)
  An ice beast (D:9)
  An orc warrior (Orc:1)
  A crimson imp (D:8)
  3 orcs
  2 hobgoblin zombies (D:8)
  2 kobold zombies (D:8)
  A quokka zombie (D:5)
11 creatures vanquished.

Vanquished Creatures (others)
  3 orcs (D:11)
3 creatures vanquished.

Grand Total: 472 creatures vanquished

Notes
Turn   | Place    | Note
-------+----------+-------------------------------------------
     0 | D:1      | Descartes the Troll Chaos Knight began the quest for the
                  | Orb.
     0 | D:1      | Reached XP level 1. HP: 22/22 MP: 0/0
    82 | D:1      | Reached XP level 2. HP: 29/29 MP: 1/1
   167 | D:1      | XOM: divination: detect creatures
   254 | D:1      | XOM: divination: detect creatures
   366 | D:1      | XOM: divination: magic mapping
   370 | D:1      | Reached XP level 3. HP: 36/36 MP: 2/2
   752 | D:2      | XOM: stealth player
   782 | D:2      | Found a glowing silver altar of Zin.
   935 | D:2      | Reached XP level 4. HP: 39/45 MP: 3/3
  1114 | D:2      | XOM: give mutations
  1114 | D:2      | Gained mutation: Your mind is acute. (Int +2) [Xom's grace]
  1114 | D:2      | Gained mutation: You are robust. (+10% HP) [Xom's grace]
  1302 | D:3      | XOM: scenery: create altars
  1319 | D:3      | Reached skill level 4 in Unarmed Combat
  1319 | D:3      | Reached XP level 5. HP: 57/58 MP: 4/4
  1439 | D:3      | Noticed Jessica
  1445 | D:3      | Killed Jessica
  1463 | D:3      | XOM is BORED!
  1463 | D:3      | XOM: torment (30/58 hp)
  1523 | D:3      | Learned a level 3 spell: Confusing Touch
  1688 | D:3      | Found a blossoming altar of Fedhas.
  1688 | D:3      | Found a shadowy altar of Dithmenos.
  1688 | D:3      | XOM: 5-stop teleportation journey
  1703 | D:4      | XOM: give mutations
  1703 | D:4      | Gained mutation: You have a pair of small horns on your
                  | head. [Xom's grace]
  1703 | D:4      | Gained mutation: You are agile. (Dex +2) [Xom's grace]
  1703 | D:4      | Gained mutation: Your muscles are strong. (Str +2) [Xom's
                  | grace]
  1703 | D:4      | Gained mutation: Your system is resistant to poisons.
                  | (rPois) [Xom's grace]
  1717 | D:4      | XOM: give mutations
  1717 | D:4      | Gained mutation: You expend magic power (3 MP) to
                  | strengthen your wands. [Xom's grace]
  1717 | D:4      | Gained mutation: You are partially covered in icy blue
                  | scales. (AC +2) [Xom's grace]
  1717 | D:4      | Gained mutation: Your movements are slightly less
                  | encumbered by armour. (ER -2) [Xom's grace]
  1717 | D:4      | Gained mutation: You are somewhat resistant to further
                  | mutation. [Xom's grace]
  1724 | D:4      | Found an iron altar of Okawaru.
  1846 | D:4      | Noticed Natasha
  1853 | D:4      | Killed Natasha
  1854 | D:4      | Reached XP level 6. HP: 53/68 MP: 5/5
  1963 | D:4      | Noticed Natasha
  1965 | D:4      | Killed Natasha
  1966 | D:4      | Reached skill level 1 in Hexes
  1979 | D:4      | Noticed Natasha
  1984 | D:4      | Killed Natasha
  2122 | D:4      | Found a burning altar of Makhleb.
  2280 | D:3      | XOM: confuse monster(s)
  2281 | D:3      | XOM: polymorph orc -> rat
  2284 | D:3      | XOM: enchant monster (good)
  2293 | D:3      | Reached skill level 5 in Unarmed Combat
  2293 | D:3      | Reached XP level 7. HP: 69/77 MP: 6/6
  2534 | D:3      | XOM: silly message
  2642 | D:5      | Entered Level 5 of the Dungeon
  2648 | D:5      | Noticed Grinder
  2660 | D:5      | Killed Grinder
  2703 | D:5      | Found a runed translucent door.
  2704 | D:5      | Noticed Crazy Yiuf
  2741 | D:5      | Killed Crazy Yiuf
  2753 | D:5      | XOM: 1-stop teleportation journey
  2775 | D:5      | XOM: silly message
  2781 | D:5      | Noticed Eustachio
  2788 | D:5      | XOM: enchant monster (bad)
  2796 | D:5      | XOM: summons friendly white imp
  2797 | D:5      | XOM: noise
  2799 | D:5      | XOM: blink monster(s)
  2811 | D:5      | XOM: summons friendly quasit
  2814 | D:5      | Killed Eustachio
  2815 | D:5      | Reached XP level 8. HP: 75/86 MP: 7/7
  2817 | D:5      | Reached skill level 1 in Evocations
  2845 | D:5      | Found a staircase to the Ecumenical Temple.
  2861 | Temple   | Entered the Ecumenical Temple
  3005 | Temple   | XOM: scenery: summon butterflies
  3134 | D:5      | Noticed Sigmund
  3137 | D:5      | XOM: butterfly on damage
  3139 | D:5      | Reached skill level 5 in Fighting
  3139 | D:5      | Reached skill level 6 in Unarmed Combat
  3152 | D:4      | Killed Sigmund
  3228 | D:5      | Noticed Ijyb
  3234 | D:5      | Killed Ijyb
  3302 | D:5      | Found a stormy altar of Qazlal.
  3373 | D:5      | Noticed Dowan
  3375 | D:5      | Noticed Duvessa
  3385 | D:5      | Killed Duvessa
  3394 | D:5      | Killed Dowan
  3395 | D:5      | Reached skill level 5 in Dodging
  3468 | D:5      | XOM: give mutations
  3468 | D:5      | Lost mutation: Your mind is acute. (Int +2) [Xom's
                  | mischief]
  3468 | D:5      | Lost mutation: You are partially covered in icy blue
                  | scales. (AC +2) [Xom's mischief]
  3468 | D:5      | Gained mutation: You occasionally shout uncontrollably at
                  | your foes. [Xom's mischief]
  3468 | D:5      | Gained mutation: Your magical capacity is low. (-10% MP)
                  | [Xom's mischief]
  3534 | D:5      | Noticed Menkaure
  3538 | D:5      | XOM: butterfly on damage
  3539 | D:5      | Killed Menkaure
  3960 | D:5      | XOM: silly message
  4055 | D:6      | You fall into a shaft and drop 1 floor!
  4137 | D:6      | Reached XP level 9. HP: 89/96 MP: 7/7
  4140 | D:6      | Noticed Prince Ribbit
  4145 | D:6      | XOM: potion effect (curing)
  4150 | D:6      | Killed Prince Ribbit
  4400 | D:6      | XOM: silly message
  4413 | D:6      | Noticed Maggie
  4417 | D:6      | XOM: potion effect (curing)
  4426 | D:6      | Killed Maggie
  4427 | D:6      | Reached skill level 7 in Unarmed Combat
  4474 | D:6      | Found a glowing golden altar of the Shining One.
  4515 | D:6      | XOM: noise
  4521 | D:6      | XOM: summons 9 friendly demons
  4636 | D:6      | Found a sacrificial altar of Ru.
  4665 | D:6      | XOM: god gift: 27 stones
  4727 | D:6      | XOM: polymorph ufetubus -> shadow imp
  4734 | D:6      | Noticed Blork the orc
  4738 | D:6      | Killed Blork the orc
  4739 | D:6      | Reached skill level 1 in Shields
  4942 | D:7      | Reached skill level 1 in Armour
  4978 | D:7      | XOM: silly message
  5768 | D:8      | Found an opulent altar of Gozag.
  5811 | D:8      | Noticed Psyche
  5820 | D:8      | Killed Psyche
  5821 | D:8      | Reached XP level 10. HP: 105/107 MP: 8/8
  5832 | D:8      | Found a glowing golden altar of the Shining One.
  5832 | D:8      | Noticed a boulder beetle
  5836 | D:8      | XOM: enchant monster (good)
  5865 | D:8      | XOM: enchant monster (good)
  5885 | D:8      | Killed a boulder beetle
  6268 | D:8      | Noticed Joseph
  6280 | D:8      | Killed Joseph
  6309 | D:8      | XOM: divination: detect creatures
  6370 | D:8      | XOM: silly message
  6373 | D:8      | XOM: cast spell 'Summon Mana Viper'
  6380 | D:8      | Noticed a smoke demon
  6382 | D:8      | Noticed a sun demon
  6387 | D:8      | XOM: cast spell 'Olgreb's Toxic Radiance'
  6441 | D:8      | Found a shimmering altar of Xom.
  6475 | D:8      | Found a shimmering altar of Xom.
  6480 | D:8      | Found a shimmering altar of Xom.
  6498 | D:8      | Noticed a rust devil
  6503 | D:8      | XOM: divination: detect items
  6506 | D:8      | Reached skill level 8 in Unarmed Combat
  6514 | D:8      | XOM: cast spell 'Alistair's Intoxication'
  6516 | D:8      | XOM: cast spell 'Cause Fear'
  6671 | D:8      | XOM: silly message
  6687 | D:8      | Found an ornate altar of the Wu Jian Council.
  6918 | D:9      | Found a shimmering blue altar of Sif Muna.
  7120 | D:9      | Noticed a cyclops
  7122 | D:9      | XOM: divination: magic mapping
  7129 | D:9      | XOM: cast spell 'Summon Small Mammal'
  7156 | D:9      | Killed a cyclops
  7189 | D:9      | XOM: 1-stop teleportation journey
  7216 | D:9      | Found Bysetsei's Gadget Shop.
  7475 | D:9      | XOM: summons 5 friendly demons
  7761 | D:9      | XOM: silly message
  7852 | D:9      | XOM: silly message
  7891 | D:10     | Entered Level 10 of the Dungeon
  7899 | D:10     | XOM: enchant monster (bad)
  7974 | D:10     | Reached XP level 11. HP: 102/115 MP: 8/8
  7982 | D:10     | XOM: enchant monster (bad)
  8004 | D:10     | XOM: divination: detect creatures
  8038 | D:10     | XOM: silly message
  8048 | D:10     | Reached skill level 1 in Throwing
  8216 | D:10     | XOM: silly message
  8278 | D:10     | Found a staircase to the Lair.
  8312 | D:10     | Noticed a two-headed ogre
  8330 | D:9      | XOM: potion effect (might)
  8341 | D:9      | Killed a two-headed ogre
  8342 | D:9      | Reached skill level 5 in Hexes
  8499 | D:10     | XOM: potion effect (brilliance)
  8507 | D:10     | XOM: potion effect (heal wounds)
  8513 | D:10     | XOM: divination: detect items
  8517 | D:10     | XOM: potion effect (curing)
  8542 | D:10     | Reached skill level 5 in Evocations
  8787 | D:10     | XOM: scenery: 1 doors open, 1 doors close
  8861 | D:9      | XOM: divination: detect items
  9364 | D:11     | Found a flagged portal.
  9403 | Bailey   | Entered a bailey
  9408 | Bailey   | Noticed an orc warlord
  9495 | Bailey   | Noticed an orc knight
  9512 | Bailey   | Killed an orc knight
  9513 | Bailey   | Reached skill level 9 in Unarmed Combat
  9636 | Bailey   | Found a runed translucent gate.
  9639 | Bailey   | Found a runed translucent gate.
  9641 | Bailey   | Found a runed translucent gate.
  9705 | Bailey   | XOM: fog
  9707 | Bailey   | XOM: silly message
  9713 | Bailey   | XOM: cast spell 'Shadow Creatures'
  9714 | Bailey   | XOM: scenery: 3 doors close
  9715 | Bailey   | XOM: summons 11 friendly demons
  9720 | Bailey   | XOM: summons friendly quasit
  9724 | Bailey   | Killed an orc warlord
  9742 | Bailey   | Got an encrusted flail
  9843 | Bailey   | XOM: give mutations
  9843 | Bailey   | Lost mutation: Your muscles are strong. (Str +2) [Xom's
                  | mischief]
  9843 | Bailey   | Lost mutation: Your magical capacity is low. (-10% MP)
                  | [Xom's mischief]
  9843 | Bailey   | Gained mutation: Your spells are a little easier to cast,
                  | but a little less powerful. [Xom's mischief]
  9959 | D:11     | Noticed a purple ugly thing
  9960 | D:11     | XOM: polymorph yak -> shapeshifter
  9961 | D:11     | XOM: divination: detect creatures
  9970 | D:11     | XOM: polymorph yak -> worm
  9977 | D:11     | XOM: confuse monster(s)
  9992 | D:11     | XOM: silly message
  9993 | D:11     | XOM: enchant monster (good)
  9994 | D:11     | Killed a purple ugly thing
 10156 | D:11     | Noticed a two-headed ogre
 10164 | D:11     | Killed a two-headed ogre
 10165 | D:11     | Reached XP level 12. HP: 123/125 MP: 11/11
 10181 | D:11     | Noticed a two-headed ogre
 10192 | D:11     | Killed a two-headed ogre
 10306 | D:11     | XOM: scenery: 1 doors open
 10331 | D:11     | XOM: polymorph orc -> shapeshifter
 10340 | D:11     | XOM: polymorph troll -> shapeshifter
 10346 | D:11     | XOM: summons 4 friendly demons
 10357 | D:11     | Reached skill level 5 in Armour
 10357 | D:11     | Reached skill level 1 in Spellcasting
 10364 | D:11     | Reached skill level 5 in Shields
 10478 | D:11     | XOM: summons 1 hostile shadow creature
 10479 | D:11     | Noticed a boulder beetle
 10606 | D:11     | XOM: god gift: 24 gold pieces
 10724 | D:11     | Found a staircase to the Orcish Mines.
 10733 | D:11     | XOM: give mutations
 10733 | D:11     | Gained mutation: You are very agile. (Dex +4) [Xom's grace]
 10733 | D:11     | Gained mutation: You are partially covered in thin metallic
                  | scales. (AC +2) [Xom's grace]
 10733 | D:11     | Lost mutation: You are somewhat resistant to further
                  | mutation. [Xom's grace]
 10733 | D:11     | Gained mutation: You evolve. [Xom's grace]
 10733 | D:11     | Gained mutation: You have a pair of horns on your head.
                  | [Xom's grace]
 10887 | D:12     | XOM: enchant monster (good)
 10890 | D:12     | Noticed a two-headed ogre
 10905 | D:12     | XOM: divination: magic mapping
 10907 | D:12     | Killed a two-headed ogre
 10932 | D:12     | XOM: enchant monster (good)
 10940 | D:12     | Noticed a two-headed ogre
 10949 | D:12     | Killed a two-headed ogre
 11036 | Orc:1    | Entered Level 1 of the Orcish Mines
 11081 | Orc:1    | Found a radiant altar of Vehumet.
 11170 | Orc:1    | XOM: silly message
 11184 | Orc:1    | Found Ogol's Armour Boutique.
 11264 | Orc:1    | Found a transporter.
 11265 | Orc:1    | Found a transporter.
 11265 | Orc:1    | Noticed boben's ghost (journeyman OgFi)
 11376 | Orc:1    | Noticed an orc warlord
 11381 | Orc:1    | XOM: summons 4 friendly demons
 11413 | Orc:1    | XOM: confuse monster(s)
 11433 | Orc:1    | Killed an orc warlord
 11434 | Orc:1    | Reached skill level 10 in Unarmed Combat
 11438 | Orc:1    | XOM: blink monster(s)
 11591 | Orc:1    | XOM: give mutations
 11591 | Orc:1    | Lost mutation: You are robust. (+10% HP) [Xom's mischief]
 11591 | Orc:1    | Lost mutation: You have a pair of horns on your head.
                  | [Xom's mischief]
 11591 | Orc:1    | Gained mutation: Scrolls take you a little longer to read.
                  | [Xom's mischief]
 11597 | Orc:1    | XOM: silly message
 11879 | Orc:1    | XOM: give mutations
 11879 | Orc:1    | Lost mutation: Your spells are a little easier to cast, but
                  | a little less powerful. [Xom's mischief]
 11879 | Orc:1    | Lost mutation: Scrolls take you a little longer to read.
                  | [Xom's mischief]
 11879 | Orc:1    | Lost mutation: You are partially covered in thin metallic
                  | scales. (AC +2) [Xom's mischief]
 11913 | Orc:1    | XOM: summons 4 hostile shadow creatures
 12017 | Orc:1    | Reached XP level 13. HP: 124/124 MP: 15/15
 12042 | Orc:1    | XOM: polymorph orc warrior -> gnoll
 12065 | Orc:1    | Killed boben's ghost
 12151 | Orc:1    | Identified the Compendium of the Toxic Mountains
 12252 | Orc:2    | Entered Level 2 of the Orcish Mines
 12261 | Orc:2    | XOM: blink monster(s)
 12263 | Orc:2    | XOM: blink monster(s)
 12294 | Orc:2    | XOM: polymorph orc priest -> adder
 12321 | Orc:2    | Reached skill level 5 in Throwing
 12367 | Orc:2    | Found a staircase to the Elven Halls.
 12418 | Orc:2    | XOM: enchant monster (bad)
 12466 | Orc:2    | Found Otzua's Jewellery Shoppe.
 12466 | Orc:2    | XOM: 2-stop teleportation journey
 12482 | Orc:2    | Paralysed by an orc sorcerer for 6 turns
 12490 | Orc:2    | HP: 2/119 [troll (5)]
 12660 | Orc:2    | Paralysed by an orc sorcerer for 7 turns
 12662 | Orc:2    | XOM: enchant monster (good)
 12663 | Orc:2    | XOM: fog
 12665 | Orc:2    | HP: 5/118 [orange demon[an orc sorcerer] (10)]
 12665 | Orc:2    | Mangled by an orc warrior

Illustrated notes

Levels and vault maps discovered:
D:1:      lemuel_arrival_hallway, layout_loops_ring
D:2:      layout_rooms, lemuel_round_altar, minmay_bisected
D:3:      layout_basic, nicolae_overflow_hidden_temple, chequers_garden,
          minmay_pentomino_pile, uniq_jessica
D:4:      layout_basic, kennysheep_okawaru_gauntlet, lightli_temple_of_fire,
          uniq_natasha
D:5:      layout_basic, marbit_many_paths, minmay_temple_entry_trees,
          st_stairs_13, uniq_eustachio, uniq_menkaure, uniq_sigmund,
          uniq_grinder, uniq_ijyb, uniq_crazy_yiuf_cottage, uniq_duvessa
D:6:      layout_rooms, lemuel_coloured_pillars_altar,
          nicolae_ru_great_annihilating_truth, uniq_blork_the_orc,
          uniq_prince_ribbit1, uniq_maggie
D:7:      layout_basic, minmay_fractal_squares_gapless_5
D:8:      layout_loops_corners, grunt_gozag_breadcrumbs, xom_redecorated,
          nzn_wu_jian_contemplation, nicolae_tso_besieged_by_evil, uniq_joseph,
          uniq_psyche
D:9:      layout_loops_corners, overflow_temple_1_default, serial_shops,
          nicolae_shop_waterfront, small_statue_intersection,
          hangedman_decor_opposing, minmay_misc_feat_alley
D:10:     layout_gridville, lair_entry_dummy
D:11:     layout_roguey, hiddenorc1_lemuel, enter_bailey_3
D:12:     layout_long_grid, minmay_lizard_king
Temple:   dpeg_chambers_temple
Orc:1:    layout_caves, basic_altar, gammafunk_ghost_arena, serial_shops,
          nicolae_shop_statue_plus
Orc:2:    grunt_orc_community_town_hall, layout_diamond_mine,
          grunt_orc_community_big_house_2, grunt_orc_community_big_house_1,
          grunt_orc_community_house_2, grunt_orc_community_house_1,
          grunt_orc_community_house_2, grunt_orc_community_house_3,
          minmay_shop_enchanted_jewellery, led_sif_book

Skill      XL: |  1  2  3  4  5  6  7  8  9 10 11 12 13 |
---------------+----------------------------------------+-----
Dodging        | 2 3 4 5 6 7 8 |  8.4
Fighting       | 3 4 5 6 7 |  7.1
Unarmed Combat | 4 5 6 7 8 9 10 | 10.2
Hexes          | 1 2 3 4 5 |  5.0
Evocations     | 2 3 4 5 6 |  6.4
Shields        | 1 3 4 5 6 |  6.0
Armour         | 1 3 4 5 |  5.0
Throwing       | 3 4 5 |  5.1
Spellcasting   | 2 |  2.5

Action                   |  1- 3 |  4- 6 |  7- 9 | 10-12 | 13-15 || total
-------------------------+-------+-------+-------+-------+-------++-------
Melee: Unarmed           |   114 |   122 |   282 |   889 |    91 ||  1498
       Punch             |     2 |     2 |     8 |    14 |       ||    26
       Headbutt          |       |     3 |    51 |   214 |    23 ||   291
Evoke: Wand              |       |       |       |       |     1 ||     1
  Use: Scroll            |       |       |    11 |    16 |       ||    27
       Potion            |       |       |       |     6 |     2 ||     8
 Stab: Sleeping          |     1 |     1 |       |       |       ||     2
       Paralysed         |       |     3 |       |       |       ||     3
       Invisible         |       |       |     1 |     1 |       ||     2
       Petrified         |       |       |       |     4 |       ||     4
Armor: Robe              |    46 |    42 |   104 |       |       ||   192
       Steam dragon scal |       |       |    26 |   342 |    58 ||   426
Dodge: Dodged            |    39 |    63 |   158 |   576 |    48 ||   884
Block: Tower shield      |       |       |       |   575 |   112 ||   687
       Reflection        |       |       |       |     7 |     2 ||     9
